 Dungeon Crawl Stone Soup version 0.26.1-11-gd32895ea62 (webtiles) character file.

Game seed: 6843182634928761477

96 Almogavar the Slasher (level 4, -6/34 HPs)
             Began as a Demonspawn Gladiator on July 15, 2021.
             Killed by nerve-wracking pain
             ... invoked by an orc priest
              (11 damage)
             ... on level 3 of the Dungeon.
             The game lasted 00:04:28 (2754 turns).

Almogavar the Slasher (Demonspawn Gladiator)        Turns: 2754, Time: 00:04:28

Health: -6/34      AC:  4    Str: 15    XL:     4   Next: 41%
Magic:  4/4        EV: 13    Int: 10    God:
Gold:   54         SH:  0    Dex: 14    Spells: 3/3 levels left

rFire    . . .     SeeInvis .   a - +0 long sword
rCold    + . .     Faith    .   (no shield)
rNeg     . . .     Spirit   .   b - +0 leather armour
rPois    .         Reflect  .   (helmet restricted)
rElec    .         Harm     .   (no cloak)
rCorr    .         Rampage  .   f - +0 pair of gloves
Will     .....                  (no boots)
Stlth    +.........             h - amulet of regeneration (curse)
HPRegen  0.51/turn              (no ring)
MPRegen  0.09/turn              (no ring)

@: no status effects
A: horns 1, cold resistance 1
a: no special abilities


You were on level 3 of the Dungeon.
You visited 1 branch of the dungeon, and saw 3 of its levels.

You collected 54 gold pieces.

Inventory:

Hand Weapons
 a - a +0 long sword (weapon)
Missiles
 d - 3 throwing nets
 e - 18 poisoned darts (quivered)
 n - 6 boomerangs
Armour
 b - a +0 leather armour (worn)
 c - a +0 helmet
 f - a +0 pair of gloves (worn)
Jewellery
 h - a cursed amulet of regeneration (around neck)
Wands
 m - a wand of paralysis (8)
Scrolls
 g - a scroll of magic mapping {unknown}
 i - a scroll of identify {unknown}
 j - a scroll of noise {unknown}
 l - a scroll of amnesia {unknown}
 p - a scroll of blinking {unknown}
Potions
 k - a potion of berserk rage {unknown}
 o - a potion of brilliance {unknown}
 q - a potion of mutation {unknown}


   Skills:
 + Level 2.6 Fighting
 + Level 3.5 Long Blades
 + Level 1.9 Throwing
 + Level 1.3 Armour
 + Level 3.1 Dodging
 + Level 0.7 Stealth


You had 3 spell levels left.
You didn't know any spells.
Your spell library was empty.

Dungeon Overview and Level Annotations

Branches:
Dungeon (3/15)

Altars:
Qazlal


Innate Abilities, Weirdness & Mutations

You have a pair of small horns on your head.
Your flesh is cold resistant. (rC+)


Message History

The orc priest invokes the aid of Beogh against you.
Beogh smites you!
You hit the orc priest but do no damage.
The orc priest is heavily wounded.
The bat misses you. The orc priest closely misses you.
The orc priest hits you with a +0 dagger.
You hit the orc priest.
The orc priest is heavily wounded.
The bat closely misses you.
You riposte.
You barely miss the bat.
The orc priest calls down the wrath of Beogh upon you.
Beogh smites you!
* * * LOW HITPOINT WARNING * * *
You are too injured to fight recklessly!
You are too injured to fight recklessly!
You barely miss the orc priest. Your headbutt misses the orc priest.
The orc priest is heavily wounded.
The bat hits you but does no damage.
The orc priest invokes the aid of Beogh against you.
Pain shoots through your body!
You die...

#############
##.....#.....##
##.........:....
#...............
#....b.o........
#.....@.........
#........รท......
#...............
##.<............
##.....#.....#.
##########....
.## .# .


You could see an orc priest and a bat.

Vanquished Creatures
  2 adders (D:2)
  An ooze (D:1)
  A worm (D:2)
  3 dart slugs
  2 leopard geckos
  2 orcs (D:2)
  A ball python (D:2)
  5 bats
  5 giant cockroaches
  9 goblins
  6 hobgoblins
  3 jackals (D:2)
  5 kobolds
  4 frilled lizards (D:1)
  A leopard gecko zombie (D:3)
  8 rats
58 creatures vanquished.

Notes
Turn   | Place    | Note
-------+----------+-------------------------------------------
     0 | D:1      | Almogavar the Demonspawn Gladiator began the quest for the
                  | Orb.
     0 | D:1      | Reached XP level 1. HP: 16/16 MP: 1/1
   197 | D:1      | Gained mutation: You have a pair of small horns on your
                  | head. [demonic ancestry]
   197 | D:1      | Reached XP level 2. HP: 15/22 MP: 2/2
   859 | D:1      | Gained mutation: Your flesh is cold resistant. (rC+)
                  | [demonic ancestry]
   859 | D:1      | Reached XP level 3. HP: 28/28 MP: 3/3
  1308 | D:2      | Reached skill level 1 in Armour
  1327 | D:2      | Found a faded altar of an unknown god.
  1523 | D:2      | Reached XP level 4. HP: 22/34 MP: 4/4
  1677 | D:2      | Found a stormy altar of Qazlal.
  2754 | D:3      | Killed from afar by an orc priest

Illustrated notes

Levels and vault maps discovered:
D:1:      giann_forest_graveyard, layout_basic
D:2:      layout_loops_ring, overflow_temple_1_default,
          chequers_ecumenical_altar_island
D:3:      layout_rooms, uniq_robin

Skill      XL: |  1  2  3 |
---------------+----------+-----
Long Blades    | 3 |  3.5
Dodging        | 3 |  3.1
Armour         | 1 |  1.3
Fighting       | |  2.6
Throwing       | |  1.9
Stealth        | |  0.7

Action                   |  1- 3 |  4- 6 || total
-------------------------+-------+-------++-------
Melee: Long sword        |    99 |    50 ||   149
       Headbutt          |    13 |     7 ||    20
  Use: Potion            |       |     2 ||     2
 Stab: Sleeping          |     2 |       ||     2
Armor: Leather armour    |    28 |    20 ||    48
       Skin              |       |    14 ||    14
Dodge: Dodged            |    75 |    42 ||   117
       Rpst.: Long sword |    19 |    11 ||    30
